 Dungeon Crawl Stone Soup version 0.29-a0-866-g0545e20025 (webtiles) character file.

Game seed: 3979753987490223366

534 Malachi the Conjurer (level 7, 0/51 HPs)
             Began as a Gnoll Conjurer on July 17, 2022.
             Killed by divine providence
             ... invoked by an orc priest
              (14 damage)
             ... on level 4 of the Dungeon.
             The game lasted 00:05:36 (4257 turns).

Malachi the Conjurer (Gnoll Conjurer)               Turns: 4257, Time: 00:05:37

Health: 0/51       AC:  3    Str:  6    XL:     7   Next: 25%
Magic:  13/15      EV: 13    Int: 19    God:
Gold:   183        SH:  0    Dex: 11    Spells: 7/17 levels left

rFire   . . .      SeeInvis .   d - +1 dagger (freeze)
rCold   . . .      Faith    .   (no shield)
rNeg    . . .      Spirit   .   a - +0 robe
rPois   .          Reflect  .   (no helmet)
rElec   .          Harm     .   (no cloak)
rCorr   .          Rampage  .   j - +0 pair of gloves
Will    .....                   (no boots)
Stlth   +++.......              (no amulet)
HPRegen 0.17/turn               (no ring)
MPRegen 0.14/turn               (no ring)

@: no status effects
A: fangs 1, strong nose, distributed training
a: no special abilities


You were on level 4 of the Dungeon.
You visited 1 branch of the dungeon, and saw 4 of its levels.

You collected 183 gold pieces.

Inventory:

Hand Weapons
 d - a +1 dagger of freezing (weapon)
 n - a +3 dire flail
Armour
 a - a +0 robe (worn)
 j - a +0 pair of gloves (worn)
Jewellery
 p - a ring of fire
Scrolls
 c - a scroll of torment
 e - a scroll of blinking
 g - a scroll of noise
 k - a scroll of enchant armour
 l - 2 scrolls of poison
 m - a scroll of magic mapping
 o - a scroll of teleportation
Potions
 f - 2 potions of berserk rage {unknown}
 h - 2 potions of flight {unknown}
 i - a potion of curing {unknown}


   Skills:
 + Level 2.4 Fighting
 + Level 2.4 Short Blades
 + Level 2.4 Long Blades
 + Level 2.4 Axes
 + Level 2.4 Maces & Flails
 + Level 2.4 Polearms
 + Level 2.4 Staves
 + Level 2.4 Ranged Weapons
 + Level 2.4 Throwing
 + Level 2.4 Armour
 + Level 5.2 Dodging
 + Level 4.9 Stealth
 + Level 2.4 Shields
 + Level 2.4 Unarmed Combat
 + Level 5.6 Spellcasting
 + Level 7.4 Conjurations
 + Level 2.0 Hexes
 + Level 2.0 Summonings
 + Level 2.0 Necromancy
 + Level 2.0 Translocations
 + Level 2.0 Transmutations
 + Level 2.0 Fire Magic
 + Level 2.0 Ice Magic
 + Level 2.0 Air Magic
 + Level 2.0 Earth Magic
 + Level 2.0 Poison Magic
 + Level 2.7 Invocations
 + Level 2.4 Evocations


You had 7 spell levels left.
You knew the following spells:

 Your Spells              Type           Power      Damage    Failure   Level
a - Magic Dart            Conj           100%       1d8       1%          1
b - Searing Ray           Conj           66%        2d6       1%          2
c - Swiftness             Air            13%        N/A       16%         3
d - Iskenderun's Mystic   Conj/Tloc      23%        2d6       17%         4

Your spell library contained the following spells:

 Spells                   Type           Power      Damage    Failure   Level
 Shock                    Conj/Air       92%        1d8       1%          1
 Dazzling Flash           Conj/Hex       46%        N/A       4%          3
 Fulminant Prism          Conj/Hex       11%        3d9       17%         4
 Airstrike                Air            6%         0-3+      45%         4


Dungeon Overview and Level Annotations

Branches:
Dungeon (4/15)
 Temple: D:4-7

Altars:


Innate Abilities, Weirdness & Mutations

You have very sharp teeth.
Your uncanny sense of smell can sniff out nearby items.
Your experience applies equally to all skills.


Message History

The orc priest is heavily wounded.
The orc priest invokes the aid of Beogh against you.
Beogh smites you!
Unknown command.
Without enough magic to sustain it, your searing ray dissipates.
Unknown command.
Casting: Searing Ray (safe; 1% risk of failure)
Confirm with . or Enter, or press ? or * to list all spells.
You don't have enough magic to cast this spell.
Unknown command.
Okay, then.
You hit the orc priest but do no damage.
The orc priest is moderately wounded.
The orc priest hits you but does no damage.
You hit the orc priest but do no damage.
The orc priest is moderately wounded.
The orc priest invokes the aid of Beogh against you.
Pain shoots through your body!
You hit the orc priest but do no damage.
You punch the orc priest, but do no damage.
The orc priest is moderately wounded.
The orc priest closely misses you.
You closely miss the orc priest.
The orc priest is moderately wounded.
The orc priest closely misses you. The hobgoblin hits you.
Okay, then.
Magic courses through your body.
The orc priest looks braver for a moment.
The hobgoblin hits you.
* * * LOW HITPOINT WARNING * * *
Casting: Searing Ray (safe; 1% risk of failure)
Confirm with . or Enter, or press ? or * to list all spells.
Aiming: Searing Ray (safe; 1% risk of failure)
Press: ? - help, Shift-Dir - straight line The searing ray hits the orc priest.
The orc priest is severely wounded. (Press . to maintain the ray.)
The orc priest calls down the wrath of Beogh upon you.
Beogh smites you!
You die...

..#
#.......###......#...........
..#
#..............######......##
..# #................#
#..†...# ..#
###..............# #......#
..# .....######......#
#......# ..# ..... #....###
#......# ..# ..... ##....#
#......# ..# #... #....#....
.......# ..# #.. #[.@.#....
#### #..og# ... ..... #..).#
.. ..... #....# ..... #....#
#.... #...(# .... ...!.# ...
....... ..


You could see an orc priest and a hobgoblin.

Vanquished Creatures
  An ogre (D:4)
  2 scorpions (D:4)
  3 wights (D:4)
  2 orc wizards (D:4)
  5 adders
  An ufetubus (D:3)
  4 worms (D:3)
  3 dart slugs
  2 orcs (D:4)
  An endoplasm (D:1)
  A giant cockroach (D:2)
  2 goblins (D:1)
  5 hobgoblins
  3 jackals (D:1)
  4 quokkas
  9 ball pythons
  8 bats
  A frilled lizard (D:3)
  4 kobolds
  6 rats
67 creatures vanquished.

Notes
Turn   | Place    | Note
-------+----------+-------------------------------------------
     0 | D:1      | Malachi the Gnoll Conjurer began the quest for the Orb.
     0 | D:1      | Reached XP level 1. HP: 13/13 MP: 6/6
   272 | D:1      | Reached XP level 2. HP: 19/19 MP: 5/7
   686 | D:1      | Reached skill level 5 in Spellcasting
   686 | D:1      | Reached XP level 3. HP: 25/25 MP: 3/9
   758 | D:1      | You fall into a shaft and drop 1 floor!
  1081 | D:2      | Learned a level 2 spell: Searing Ray
  1103 | D:2      | Reached skill level 1 in Invocations
  1146 | D:2      | Reached skill level 1 in Fighting
  1146 | D:2      | Reached skill level 1 in Short Blades
  1146 | D:2      | Reached skill level 1 in Long Blades
  1146 | D:2      | Reached skill level 1 in Axes
  1146 | D:2      | Reached skill level 1 in Maces & Flails
  1146 | D:2      | Reached skill level 1 in Polearms
  1146 | D:2      | Reached skill level 1 in Staves
  1146 | D:2      | Reached skill level 1 in Ranged Weapons
  1146 | D:2      | Reached skill level 1 in Throwing
  1146 | D:2      | Reached skill level 1 in Armour
  1146 | D:2      | Reached skill level 1 in Shields
  1146 | D:2      | Reached skill level 1 in Unarmed Combat
  1146 | D:2      | Reached skill level 1 in Evocations
  1385 | D:2      | Reached XP level 4. HP: 32/32 MP: 4/11
  1497 | D:2      | Found a faded altar of an unknown god.
  2418 | D:3      | Reached skill level 1 in Hexes
  2418 | D:3      | Reached skill level 1 in Summonings
  2418 | D:3      | Reached skill level 1 in Necromancy
  2418 | D:3      | Reached skill level 1 in Translocations
  2418 | D:3      | Reached skill level 1 in Transmutations
  2418 | D:3      | Reached skill level 1 in Fire Magic
  2418 | D:3      | Reached skill level 1 in Ice Magic
  2418 | D:3      | Reached skill level 1 in Air Magic
  2418 | D:3      | Reached skill level 1 in Earth Magic
  2418 | D:3      | Reached skill level 1 in Poison Magic
  3384 | D:4      | Reached XP level 5. HP: 31/37 MP: 4/12
  3455 | D:4      | Reached skill level 5 in Dodging
  3455 | D:4      | Reached XP level 6. HP: 31/44 MP: 4/14
  3662 | D:4      | Learned a level 3 spell: Swiftness
  3667 | D:4      | Learned a level 4 spell: Iskenderun's Mystic Blast
  4032 | D:4      | Reached XP level 7. HP: 51/51 MP: 7/15
  4257 | D:4      | Killed from afar by an orc priest

Illustrated notes

Levels and vault maps discovered:
D:1:      dpeg_arrival_pits, layout_basic
D:2:      layout_basic, basic_ecumenical_altar, grunt_ministairs_11
D:3:      layout_loops_cross
D:4:      layout_basic, kennysheep_mini_moat

Skill      XL: |  1  2  3  4  5  6  7 |
---------------+----------------------+-----
Spellcasting   | 5 |  5.6
Invocations    | 1 2 |  2.7
Fighting       | 1 2 |  2.4
Short Blades   | 1 2 |  2.4
Long Blades    | 1 2 |  2.4
Axes           | 1 2 |  2.4
Maces & Flails | 1 2 |  2.4
Polearms       | 1 2 |  2.4
Staves         | 1 2 |  2.4
Ranged Weapons | 1 2 |  2.4
Throwing       | 1 2 |  2.4
Armour         | 1 2 |  2.4
Shields        | 1 2 |  2.4
Unarmed Combat | 1 2 |  2.4
Evocations     | 1 2 |  2.4
Hexes          | 1 2 |  2.0
Summonings     | 1 2 |  2.0
Necromancy     | 1 2 |  2.0
Translocations | 1 2 |  2.0
Transmutations | 1 2 |  2.0
Fire Magic     | 1 2 |  2.0
Ice Magic      | 1 2 |  2.0
Air Magic      | 1 2 |  2.0
Earth Magic    | 1 2 |  2.0
Poison Magic   | 1 2 |  2.0
Dodging        | 5 |  5.2
Stealth        | |  4.9
Conjurations   | |  7.4

Action                   |  1- 3 |  4- 6 |  7- 9 || total
-------------------------+-------+-------+-------++-------
Melee: Dagger            |       |       |    10 ||    10
       Punch             |       |       |     1 ||     1
 Cast: Magic Dart        |    64 |    46 |     8 ||   118
       Searing Ray       |       |    17 |     4 ||    21
  Use: Scroll            |       |     8 |       ||     8
       Potion            |       |       |     1 ||     1
Armor: Robe              |     1 |     8 |     7 ||    16
Dodge: Dodged            |     4 |    15 |     3 ||    22

Table legend: (Time is in decaauts)
 A = Elapsed time spent in this place.
 B = Non-inter-level travel time spent in this place.
 C = Inter-level travel time spent in this place.
 D = Time resting spent in this place.
 E = Time spent auto-exploring this place.
 F = Levels seen in this place.
 G = Mean time per level.
                   A        B        C        D        E       F      G
               +--------+--------+--------+--------+--------+-----+--------+
         Total |   4255 |   4129 |    126 |     49 |   3637 |   4 | 1063.8 |
       Dungeon |   4255 |   4129 |    126 |     49 |   3637 |   4 | 1063.8 |
               +--------+--------+--------+--------+--------+-----+--------+

Top non-repeatable levels by time:
     D:2: 1199 daAuts
     D:3: 1113 daAuts
     D:1: 1030 daAuts
     D:4: 911 daAuts
